 Dungeon Crawl Stone Soup version 0.29.1-13-g9f3cf754e1 (webtiles) character file.

Game seed: 1688495032731105489

44 raph the Firebug (level 3, 0/20 HPs)
             Began as a Deep Elf Fire Elementalist on Feb 11, 2023.
             Slain by Ijyb
             ... wielding a +0 club
              (3 damage)
             ... on level 3 of the Dungeon.
             The game lasted 00:04:05 (2195 turns).

raph the Firebug (Deep Elf Fire Elementalist)       Turns: 2195, Time: 00:04:06

Health: 0/20       AC:  3    Str:  5    XL:     3   Next: 39%
Magic:  1/9        EV: 13    Int: 21    God:
Gold:   99         SH:  0    Dex: 15    Spells: 2/8 levels left

rFire   . . .      SeeInvis .   g - +0 dagger
rCold   . . .      Faith    .   (no shield)
rNeg    + . .      Spirit   .   a - +1 robe
rPois   .          Reflect  .   (no helmet)
rElec   .          Harm     .   (no cloak)
rCorr   .          Rampage  .   (no gloves)
Will    .....                   (no boots)
Stlth   ++........              (no amulet)
HPRegen 0.06/turn               d - ring of positive energy
MPRegen 0.11/turn               (no ring)

@: no status effects
A: no striking features
a: no special abilities


You were on level 3 of the Dungeon.
You visited 1 branch of the dungeon, and saw 3 of its levels.

You collected 99 gold pieces.

Inventory:

Hand Weapons
 g - a +0 dagger (weapon)
Armour
 a - a +1 robe (worn)
Jewellery
 d - a ring of positive energy (left hand)
Scrolls
 c - a scroll of amnesia {unknown}
 e - a scroll of immolation {unknown}
 f - a scroll of butterflies {unknown}
Potions
 b - 3 potions of magic
 i - 2 potions of lignification {unknown}
 j - 3 potions of mutation
 k - a potion of haste


   Skills:
 + Level 0.4 Fighting
 + Level 2.7 Dodging
 + Level 2.9 Stealth
 + Level 3.2 Spellcasting
 * Level 2.1 Conjurations
 * Level 3.8 Fire Magic


You had 2 spell levels left.
You knew the following spells:

 Your Spells              Type           Power      Damage    Failure   Level
a - Foxfire               Conj/Fire      64%        2x1d7     3%          1
b - Scorch                Fire           38%        2d7       4%          2
c - Conjure Flame         Conj/Fire      16%        6-21      12%         3

Your spell library contained the following spells:

 Spells                   Type           Power      Damage    Failure   Level
 Inner Flame              Hex/Fire       11%        N/A       17%         3
 Flame Wave               Conj/Fire      16%        2d7       36%         4
 Leda's Liquefaction      Hex/Erth       1%         N/A       78%         4
 Lee's Rapid Deconstruct  Erth           1%         3d5*      98%         5
 Statue Form              Tmut/Erth      2%         N/A       100%        6


Dungeon Overview and Level Annotations

Branches:
Dungeon (3/15)

Altars:
Cheibriados

Annotations:
D:3 Ijyb


Message History

Confirm with . or Enter, or press ? or * to list all spells.
You conjure some foxfire!
Ijyb attacks as you move away! Ijyb hits you with a +0 club.
* * * LOW HITPOINT WARNING * * *
The foxfire hits Ijyb but does no damage.
Ijyb is severely wounded.
Casting: Foxfire (safe; 3% risk of failure)
Confirm with . or Enter, or press ? or * to list all spells.
You conjure some foxfire!
Ijyb hits you with a +0 club.
* * * LOW HITPOINT WARNING * * *
Ijyb is no longer more vulnerable to fire.
The foxfire hits Ijyb but does no damage.
Ijyb is severely wounded.
The foxfire hits Ijyb but does no damage.
Ijyb is severely wounded.
Casting: Foxfire (safe; 3% risk of failure)
Confirm with . or Enter, or press ? or * to list all spells.
You conjure some foxfire!
Your foxfire dissipates!
The foxfire hits Ijyb.
Ijyb is severely wounded.
Casting: Foxfire (safe; 3% risk of failure)
Confirm with . or Enter, or press ? or * to list all spells.
You conjure some foxfire!
Casting: Foxfire (safe; 3% risk of failure)
Confirm with . or Enter, or press ? or * to list all spells.
You conjure some foxfire!
The foxfire hits Ijyb but does no damage.
Ijyb is severely wounded.
The foxfire hits Ijyb.
Ijyb is almost dead.
Casting: Foxfire (safe; 3% risk of failure)
Confirm with . or Enter, or press ? or * to list all spells.
You conjure some foxfire!
The foxfire hits Ijyb but does no damage.
Ijyb is almost dead.
The foxfire hits Ijyb but does no damage.
Ijyb is almost dead.
Ijyb hits you with a +0 club.
You die...

# #.##.######
#.........##
......###g..####
.#### #.#.....#
##[#.##.#
######.## #
#..v.gg.#
#..§@§..#
#..§§v..#
#...<...#
#.......#
#.......#
#.......#
####.#### ...#
#####


You could see Ijyb (ally target) and a goblin.

Vanquished Creatures
  An adder (D:2)
  A worm (D:2)
  A dart slug (D:1)
  2 ball pythons (D:2)
  6 bats
  An endoplasm (D:2)
  A giant cockroach (D:1)
  A hobgoblin (D:2)
  3 jackals (D:1)
  A quokka (D:1)
  2 frilled lizards (D:1)
  4 goblins (D:1)
  2 kobolds
  5 rats
31 creatures vanquished.

Vanquished Creatures (others)
  83 foxfires
83 creatures vanquished.

Grand Total: 114 creatures vanquished

Notes
Turn   | Place    | Note
-------+----------+-------------------------------------------
     0 | D:1      | raph the Deep Elf Fire Elementalist began the quest for the
                  | Orb.
     0 | D:1      | Reached XP level 1. HP: 10/10 MP: 6/6
   340 | D:1      | Reached XP level 2. HP: 15/15 MP: 4/8
   637 | D:1      | Learned a level 2 spell: Scorch
  1082 | D:2      | Reached XP level 3. HP: 17/20 MP: 2/9
  1202 | D:2      | Found a faded altar of an unknown god.
  1594 | D:2      | Learned a level 3 spell: Conjure Flame
  1690 | D:2      | Found a snail-covered altar of Cheibriados.
  2172 | D:3      | Identified the +2 ring mail of Starshine {Dex+4}
  2174 | D:3      | Noticed Ijyb
  2195 | D:3      | Slain by Ijyb

Illustrated notes

Levels and vault maps discovered:
D:1:      dpeg_arrival_concentric_ovals, layout_loops_ring
D:2:      layout_loops_ring, chequers_ecumenical_altar_island, basic_altar
D:3:      layout_loops_cross, portal_sewer_entry_f, minmay_diced_spiral,
          uniq_jessica, uniq_ijyb, uniq_sigmund, uniq_grinder

Skill      XL: |  1  2  3 |
---------------+----------+-----
Conjurations   | 2 |  2.1
Fighting       | |  0.4
Dodging        | |  2.7
Stealth        | |  2.9
Spellcasting   | |  3.2
Fire Magic     | |  3.8

Action                   || total
-------------------------++-------
Melee: Unarmed           ||     2
       Dagger            ||     7
 Cast: Foxfire           ||    53
       Scorch            ||    13
  Use: Scroll            ||     5
Armor: Robe              ||    13
Dodge: Dodged            ||     9
